 Dungeon Crawl Stone Soup version 0.30-a0-553-g7fabdf1491 (webtiles) character file.

Game seed: 5284840725839191980

1266 stomper the Caller (level 8, -5/46 HPs)
             Began as an Octopode Summoner on Dec 26, 2022.
             Slain by an orc warrior
             ... wielding a +0 hand axe
              (12 damage)
             ... on level 6 of the Dungeon.
             The game lasted 00:08:58 (5741 turns).

stomper the Caller (Octopode Summoner)              Turns: 5741, Time: 00:08:59

Health: -5/46      AC:  1    Str:  7    XL:     8   Next: 52%
Magic:  1/14       EV: 17    Int: 20    God:
Gold:   175        SH:  0    Dex: 12    Spells: 7/15 levels left

rFire   + . .      SeeInvis .    (no weapon)
rCold   + . .      Faith    .    (no shield)
rNeg    . . .      Spirit   .    (helmet restricted)
rPois   .          Reflect  .    (no amulet)
rElec   .          Harm     .    E - +4 ring of evasion
rCorr   .          Rampage  .    C - ring of protection from cold
Will    .....                    F - ring of protection from fire
Stlth   +++                      (no ring)
HPRegen 0.27/turn                (no ring)
MPRegen 0.14/turn                (no ring)
                                 (no ring)
                                 (no ring)

@: no status effects
A: almost no armour, amphibious, 8 rings, camouflage 1, gelatinous body 1,
(nimble swimmer 1), tentacles
a: no special abilities


You were on level 6 of the Dungeon.
You visited 1 branch of the dungeon, and saw 6 of its levels.

You collected 175 gold pieces.


Innate Abilities, Weirdness & Mutations

You cannot wear most types of armour.
You are amphibious.
You can wear up to eight rings at the same time.
Your skin changes colour to match your surroundings (Stealth+).
Your rubbery body absorbs attacks. (AC +1, EV +1)
((You are camouflaged when in or above water. (Stealth+)))
You have tentacles for arms and can constrict up to eight enemies at once.


   Skills:
 - Level 2.0 Dodging
 - Level 2.6 Stealth
 + Level 4.3 Spellcasting
 * Level 7.6 Summonings
 * Level 6.2 Air Magic


You had 7 spell levels left.
You knew the following spells:

 Your Spells              Type           Power      Damage    Failure   Level
c - Call Canine Familiar  Summ           34%        N/A       1%          3
l - Summon Lightning Spi  Summ/Air       32%        N/A       7%          4
s - Summon Small Mammal   Summ           100%       N/A       1%          1

Your spell library contained the following spells:

 Spells                   Type           Power      Damage    Failure   Level
 Call Imp                 Summ           34%        N/A       1%          2
 Summon Guardian Golem    Hex/Summ       19%        N/A       8%          3
 Freeze                   Ice            16%        1d4       12%         1
 Sandblast                Erth           8%         2d5       12%         1
 Passwall                 Tmut/Erth      3%         N/A       19%         2
 Dazzling Flash           Conj/Hex       8%         N/A       36%         3
 Frozen Ramparts          Ice            8%         1d2       36%         3
 Hailstorm                Conj/Ice       4%         3d4       36%         3
 Stone Arrow              Conj/Erth      8%         3d7       36%         3
 Silence                  Hex/Air        8%         N/A       67%         5
 Agony                    Necr           4%         N/A       98%         5

Inventory:

Jewellery
 C - a ring of protection from cold (right tentacle)
   (You found it on level 1 of the Dungeon)
 E - a +4 ring of evasion (left tentacle)
   (You found it on level 1 of the Dungeon)
 F - a ring of protection from fire (on tentacle)
   (You found it on level 3 of the Dungeon)
 N - a ring of positive energy
   (You found it on level 5 of the Dungeon)
 W - a ring of magical power
   (You found it on level 5 of the Dungeon)
Scrolls
 b - 8 scrolls of teleportation {unknown}
 d - a scroll of butterflies {unknown}
 e - a scroll of fear {unknown}
 g - 3 scrolls of identify {unknown}
 h - 2 scrolls of immolation {unknown}
 j - a scroll of amnesia {unknown}
 k - a scroll of enchant armour {unknown}
 m - a scroll of blinking {unknown}
Potions
 a - 2 potions of magic
 c - a potion of heal wounds {unknown}
 f - 2 potions of haste {unknown}
 i - 3 potions of resistance {unknown}
 l - 2 potions of cancellation {unknown}
 n - a potion of curing {unknown}
 o - a potion of flight {unknown}
 p - a potion of degeneration {unknown}
 q - a potion of mutation {unknown}

Dungeon Overview and Level Annotations

Branches:
Dungeon (6/15)
 Temple: D:4-7

Altars:
Ashenzari
Dithmenos
Elyvilon
Fedhas
Nemelex Xobeh
Okawaru
Qazlal
Sif Muna
Trog
Yredelemnul

###.#.#############.###.
#...........> ..... .
#.#..#######. .....####
#.#..# ........ #.#..#
.......# ####....####...
......?#
#.......).).............
#.###.(.#####..... #
#...ho@.......
#....##.#..... #....# .#
... #..h.# .# . #.)..#
.# #(.$.# .# +....# .#
#).).# .# #....#


You could see an orc warrior (ally target) and a friendly hound (summoned).


Message History

Unknown command.
You struggle against the net.
The gnoll barely misses you.
Your hound completely misses the gnoll.
The gnoll closely misses your hound.
You struggle against the net.
Your hound bites the gnoll but does no damage.
The gnoll hits your hound with a +0 whip.
The gnoll hits you with a +2 whip of flaming.
The gnoll burns you.
Your lightning spire shoots out a bolt of lightning at the gnoll!
The bolt of electricity hits the gnoll!
Your hound closely misses the gnoll.
Unknown command.
You struggle against the net.
The gnoll misses your hound. The gnoll barely misses you.
Your hound barely misses the gnoll.
The orc warrior hits your hound with a +0 hand axe!
Your lightning spire shoots out a bolt of lightning at the gnoll!
The bolt of electricity hits the gnoll!
The gnoll dies!
Unknown command.
You struggle against the net.
Your hound bites the gnoll.
The gnoll hits your hound with a +0 whip.
Your hound dies!
Your hound's corpse disappears in a puff of smoke!
The gnoll barely misses you.
Your lightning spire shoots out a bolt of lightning at the gnoll!
The bolt of electricity hits the gnoll!
The gnoll dies!
Unknown command.
You shred the net and break free! The gnoll completely misses you.
The orc wizard hits your lightning spire but does no damage.
The orc warrior hits you with a +0 hand axe.
The gnoll throws a throwing net.
The throwing net barely misses you.
The orc wizard hits your lightning spire with a +0 dagger.
Your lightning spire shoots out a bolt of lightning at the orc wizard!
The bolt of electricity hits the orc wizard!
The orc wizard dies!
Casting: Call Canine Familiar (safe; 1% risk of failure)
Confirm with . or Enter, or press ? or * to list all spells.
You miscast Call Canine Familiar.
You are very lightly contaminated with residual magic.
Nothing appears to happen.
The orc warrior hits you with a +0 hand axe.
Casting: Call Canine Familiar (safe; 1% risk of failure)
Confirm with . or Enter, or press ? or * to list all spells.
Your lightning spire disappears in a puff of smoke!
The gnoll hits you with a +2 whip of flaming.
The orc warrior misses you.
Unknown command.
The gnoll barely misses you.
Your hound closely misses the gnoll.
The gnoll closely misses your hound.
Your hound barely misses the gnoll.
The gnoll is no longer moving quickly.
Your hound bites the gnoll.
The gnoll barely misses your hound.
Your hound bites the gnoll.
The gnoll dies!
Your hound bites the orc warrior but does no damage.
Casting: Call Canine Familiar (safe; 1% risk of failure)
Confirm with . or Enter, or press ? or * to list all spells.
The orc warrior barely misses you. The orc warrior misses your hound.
You tentacle-slap the orc warrior but do no damage.
You grab the orc warrior.
You squeeze the orc warrior, but do no damage.
You constrict the orc warrior, but do no damage.
Your hound bites the orc warrior.
The orc warrior misses you.
The orc warrior hits your hound with a +0 hand axe.
Your magical contamination has completely faded away.
You tentacle-slap the orc warrior but do no damage.
You constrict the orc warrior, but do no damage.
Your hound bites the orc warrior.
Your hound bites the orc warrior but does no damage.
The orc warrior hits you with a +0 hand axe.
* * * LOW HITPOINT WARNING * * *
The orc warrior hits your hound with a +0 hand axe!
Unknown command.
You tentacle-slap the orc warrior but do no damage.
Your squeeze misses the orc warrior.
You constrict the orc warrior, but do no damage.
Your hound bites the orc warrior.
The orc warrior closely misses your hound.
The orc warrior hits you with a +0 hand axe.
* * * LOW HITPOINT WARNING * * *
Unknown command.
You tentacle-slap the orc warrior but do no damage.
You squeeze the orc warrior, but do no damage.
You constrict the orc warrior, but do no damage.
Your hound bites the orc warrior but does no damage. x2
The orc warrior closely misses you. The orc warrior misses your hound.
Unknown command.
You tentacle-slap the orc warrior but do no damage.
You squeeze the orc warrior, but do no damage.
You constrict the orc warrior.
Your hound bites the orc warrior but does no damage.
The orc warrior hits you with a +0 hand axe!
* * * LOW HITPOINT WARNING * * *
The orc warrior closely misses your hound.
Unknown command.
You release your grip on the orc warrior.
The orc warrior attacks as you move away!
The orc warrior hits you with a +0 hand axe!
You die...

Skill      XL: |  1  2  3  4  5  6  7  8 |
---------------+-------------------------+-----
Air Magic      | 1 3 4 5 6 |  6.2
Spellcasting   | 3 4 |  4.3
Summonings     | 5 6 7 |  7.6
Dodging        | |  2.0
Stealth        | |  2.6

Action                   |  1- 3 |  4- 6 |  7- 9 || total
-------------------------+-------+-------+-------++-------
Melee: Unarmed           |    76 |    32 |    66 ||   174
       Constrict         |    25 |     8 |    21 ||    54
       Tentacles         |    14 |     7 |    23 ||    44
       Punch             |       |       |     1 ||     1
 Cast: Summon Small Mamm |    44 |     7 |    18 ||    69
       Call Canine Famil |     1 |    15 |    25 ||    41
       Summon Lightning  |       |       |     1 ||     1
  Use: Potion            |     1 |       |       ||     1
 Stab: Sleeping          |     2 |     3 |       ||     5
       Distracted        |       |       |     1 ||     1
Armor: Skin              |    11 |     4 |     4 ||    19
Dodge: Dodged            |    54 |    25 |    57 ||   136

Levels and vault maps discovered:
D:1:      dpeg_cavernosity, layout_rooms
D:2:      layout_basic, chequers_serial_rivers_micro_d, kennysheep_doodads,
          hangedman_decor_clover_reticule, grunt_ministairs_2,
          minmay_misc_feat_more_columns
D:3:      minmay_razor_zed, layout_basic, uniq_robin, uniq_grinder, uniq_natasha
D:4:      layout_cave_pools, minitemple, nemelex_dance_club_becter
D:5:      layout_basic, grunt_temple_overflow_forces_of_nature,
          lemuel_flamethrower_2
D:6:      layout_basic, mainiacjoe_overflow_brackets, serial_shops,
          kennysheep_mini, nicolae_ossuary_entry_ruins

Notes
Turn   | Place    | Note
-------+----------+-------------------------------------------
     0 | D:1      | stomper the Octopode Summoner began the quest for the Orb.
     0 | D:1      | Reached XP level 1. HP: 11/11 MP: 3/3
   155 | D:1      | HP: 2/11 [hobgoblin (3)]
   339 | D:1      | Reached XP level 2. HP: 17/17 MP: 1/5
   398 | D:1      | Reached skill level 1 in Air Magic
  1054 | D:2      | HP: 4/17 [rat (3)]
  1055 | D:2      | Reached XP level 3. HP: 5/21 MP: 3/6
  1718 | D:2      | Learned a level 3 spell: Call Canine Familiar
  1744 | D:3      | Noticed Grinder
  1764 | D:3      | HP: 4/21 [Grinder (2)]
  1767 | D:3      | Killed Grinder
  1768 | D:3      | Reached skill level 3 in Spellcasting
  1768 | D:3      | Reached skill level 5 in Summonings
  1768 | D:3      | Reached skill level 3 in Air Magic
  1768 | D:3      | Reached XP level 4. HP: 8/27 MP: 1/8
  1768 | D:3      | Reached XP level 5. HP: 9/31 MP: 1/9
  1768 | D:3      | Reached XP level 6. HP: 11/36 MP: 1/10
  1870 | D:3      | Learned a level 4 spell: Summon Lightning Spire
  2233 | D:3      | Noticed Robin
  2280 | D:3      | Killed Robin
  2884 | D:3      | Noticed Natasha
  2891 | D:3      | Killed Natasha
  2892 | D:3      | Reached skill level 4 in Air Magic
  2925 | D:3      | You pick up a book of Frost and begin reading...
  2925 | D:3      | You add the spells Freeze, Frozen Ramparts and Hailstorm to
                  | your library.
  3131 | D:3      | Reached XP level 7. HP: 34/41 MP: 3/12
  3234 | D:3      | Reached skill level 6 in Summonings
  3333 | D:3      | You pick up a book of the Senses and begin reading...
  3333 | D:3      | You add the spells Dazzling Flash, Agony and Silence to
                  | your library.
  3733 | D:4      | You pick up a book of Geomancy and begin reading...
  3733 | D:4      | You add the spells Sandblast, Passwall and Stone Arrow to
                  | your library.
  3977 | D:4      | Found a sparkling altar of Nemelex Xobeh.
  4257 | D:4      | Found a shadowy altar of Dithmenos.
  4290 | D:4      | Found a shimmering blue altar of Sif Muna.
  4292 | D:4      | Found a bloodstained altar of Trog.
  4294 | D:4      | Found a basalt altar of Yredelemnul.
  4295 | D:4      | Found a white marble altar of Elyvilon.
  4296 | D:4      | Found a broken altar of Ashenzari.
  4379 | D:5      | Entered Level 5 of the Dungeon
  4624 | D:5      | Found a stormy altar of Qazlal.
  4925 | D:5      | Reached skill level 5 in Air Magic
  5359 | D:5      | Reached skill level 4 in Spellcasting
  5359 | D:5      | Reached XP level 8. HP: 46/46 MP: 11/14
  5382 | D:5      | Found a blossoming altar of Fedhas.
  5525 | D:6      | Reached skill level 7 in Summonings
  5581 | D:6      | Found an iron altar of Okawaru.
  5692 | D:6      | Reached skill level 6 in Air Magic
  5740 | D:6      | HP: 7/46 [orc warrior/+0 hand axe (11)]
  5741 | D:6      | Slain by an orc warrior

Vanquished Creatures
  Grinder (D:3)
  A gnoll (D:4)
  An adder (D:5)
  A dart slug (D:1)
  5 orcs
  3 bats
  2 endoplasms
  2 giant cockroaches
  2 goblins
  4 hobgoblins
  5 kobolds
  2 quokkas
  3 ball pythons
  5 frilled lizards
  4 rats
41 creatures vanquished.

Vanquished Creatures (collateral kills)
  2 ogres
  A centaur (D:5)
  2 phantoms (D:6)
  A scorpion (D:3)
  3 hounds
  A jelly (D:4)
  2 orc priests
  A gnoll bouda (D:6)
  Natasha (D:3)
  An iguana (D:6)
  2 orc wizards
  Robin (D:3)
  9 gnolls
  5 adders
  A white imp (D:6)
  An ufetubus (D:6)
  2 worms
  9 orcs
  2 ball pythons
  4 bats (D:2)
  3 endoplasms
  11 goblins
  6 hobgoblins
  3 quokkas
  A frilled lizard (D:2)
  7 kobolds
  2 rats
84 creatures vanquished.

Vanquished Creatures (others)
  An orc (D:5)
1 creature vanquished.

Grand Total: 126 creatures vanquished

Table legend:
 A = Non-vault XP
 B = Vault XP
 C = Vault XP percentage of total XP
 D = Non-vault monster count
 E = Vault monster count
 F = Vault count percentage of total count
                 A         B        C        D         E       F
            +---------+---------+-------+---------+---------+-------
      Total |    1319 |     490 |  27.1 |      92 |      33 |  26.4
            +---------+---------+-------+---------+---------+-------
        D:1 |      19 |       5 |  20.8 |      10 |       4 |  28.6
        D:2 |      46 |       1 |   2.1 |      21 |       1 |   4.5
        D:3 |      86 |     479 |  84.8 |      15 |      26 |  63.4
        D:4 |     162 |       5 |   3.0 |      17 |       2 |  10.5
        D:5 |     407 |       0 |   0.0 |      14 |       0 |   0.0
        D:6 |     599 |       0 |   0.0 |      15 |       0 |   0.0
            +---------+---------+-------+---------+---------+-------

Illustrated notes

Table legend:
 A = Kills in this place as a percentage of kills in entire the game.
 B = Kills by you in this place as a percentage of kills by you in the entire game.
 C = Kills by friends in this place as a percentage of kills by friends in the entire game.
 D = Other kills in this place as a percentage of other kills in the entire game.
 E = Experience gained in this place as a percentage of experience gained in the entire game.
 F = Experience gained in this place divided by the number of levels of this place that you have seen.
                   A       B       C       D       E      F
               +-------+-------+-------+-------+-------+----------------------
         Total | 100.0 | 100.0 | 100.0 |   N/A | 100.0 | 301.5
       Dungeon | 100.0 | 100.0 | 100.0 |   N/A | 100.0 | 301.5
               +-------+-------+-------+-------+-------+----------------------

Table legend: (Time is in decaauts)
 A = Elapsed time spent in this place.
 B = Non-inter-level travel time spent in this place.
 C = Inter-level travel time spent in this place.
 D = Time resting spent in this place.
 E = Time spent auto-exploring this place.
 F = Levels seen in this place.
 G = Mean time per level.
                   A        B        C        D        E       F      G
               +--------+--------+--------+--------+--------+-----+--------+
         Total |   5750 |   5504 |    246 |    246 |   4307 |   6 |  958.3 |
       Dungeon |   5750 |   5504 |    246 |    246 |   4307 |   6 |  958.3 |
               +--------+--------+--------+--------+--------+-----+--------+

Top non-repeatable levels by time:
     D:3: 1892 daAuts
     D:5: 1130 daAuts
     D:2: 886 daAuts
     D:1: 849 daAuts
     D:4: 760 daAuts
     D:6: 230 daAuts
